AoeStats
← TERMINATOR

Arena

504726400Analyzed
4v4 RM · 27d ago on Sep 6, 2026· 47m 56s· 8 players
Game mode
Random Map
Map size
Large (8 player)
Population
200
Speed
Normal
Resources
Standard
Victory
Conquest
Starting age
Dark Age
Ending age
Imperial Age
RankedLock teamsTeams togetherTeam positionsShared explorationLock speedFull tech treeHidden civsTurbo modeCheats
Victory
Defeat
🇨🇳 Britons · China
1311
+14
🇮🇳 Khmer · India
1234
+17
🇩🇪 Hindustanis · Germany
1233
+17
🇬🇧 Romans · United Kingdom
1166
+19
🇨🇳 Franks · China
1294
-18
🇦🇺 Persians · Australia
1292
-18
🇦🇺 Bengalis · Australia
1234
-16
🇦🇺 Turks · Australia
1217
-15
KingDiss
10:04 Feudal Age
11:24 Loom
15:09 Castle Age
13:38 Double-Bit Axe
14:13 Horse Collar
23:50 Heavy Plow
26:50 Gold Mining
28:57 Bow Saw
33:13 Imperial Age
30:52 Scale Barding Armor
30:58 Forging
31:59 Bloodlines
31:50 Husbandry
33:00 Chain Barding Armor
33:17 Heavy Camel Rider
34:36 Iron Casting
36:41 Imperial Camel Rider
38:30 Plate Barding Armor
39:55 Blast Furnace
41:37 Wheelbarrow
41:15 Caravan
43:39 Gold Shaft Mining
44:08 Light Cavalry
46:30 Hussar
Soul Ledger
9:48 Feudal Age
9:35 Loom
10:31 Double-Bit Axe
13:53 Castle Age
31:16 Wheelbarrow
38:28 Imperial Age
37:39 Horse Collar
38:12 Bow Saw
39:04 Fortified Wall
39:15 Ballistics
38:35 Heavy Scorpion
40:10 Siege Engineers
41:06 Chemistry
40:15 Ballistas
40:49 Gold Mining
41:59 Capped Ram
44:20 Siege Ram
蔡鳥
9:22 Feudal Age
10:01 Double-Bit Axe
10:54 Gold Mining
12:41 Horse Collar
19:35 Castle Age
18:15 Fletching
20:17 Bodkin Arrow
19:53 Crossbowman
21:21 Padded Archer Armor
22:15 Bow Saw
23:50 Gold Shaft Mining
27:15 Ballistics
27:11 Heavy Plow
28:04 Stone Mining
29:46 Wheelbarrow
32:06 Imperial Age
30:39 Leather Archer Armor
30:35 Forging
31:10 Scale Mail Armor
30:57 Pikeman
31:40 Squires
33:17 Bracer
34:21 Chemistry
32:54 Arbalester
33:51 Halberdier
35:39 Iron Casting
37:01 Conscription
38:20 Blast Furnace
37:37 Chain Mail Armor
37:21 Loom
38:47 Two-Man Saw
38:54 Ring Archer Armor
40:02 Arson
40:34 Fortified Wall
40:34 Masonry
45:20 Plate Mail Armor
48:42 Yeomen
TERMINATOR
5:54 Loom
11:12 Feudal Age
14:40 Castle Age
13:12 Horse Collar
13:39 Double-Bit Axe
15:26 Bloodlines
21:24 Husbandry
29:59 Wheelbarrow
30:11 Heavy Plow
30:25 Bow Saw
31:09 Hand Cart
34:09 Imperial Age
32:34 Pikeman
34:37 Halberdier
35:30 Forging
35:21 Scale Mail Armor
35:26 Scale Barding Armor
37:44 Crop Rotation
39:07 Iron Casting
38:47 Chain Mail Armor
39:30 Arson
40:51 Blast Furnace
44:08 Chain Barding Armor
45:31 Conscription
45:16 Tusk Swords
45:29 Capped Ram
46:49 Siege Ram
Simo
10:34 Feudal Age
15:43 Castle Age
15:57 Wheelbarrow
17:05 Double-Bit Axe
20:41 Gold Mining
21:03 Bow Saw
23:40 Loom
30:50 Town Watch
32:22 Hand Cart
32:22 Horse Collar
38:44 Imperial Age
38:18 Forging
38:18 Scale Barding Armor
40:20 Heavy Plow
41:47 Two-Man Saw
44:40 Elite Battle Elephant
45:22 Husbandry
45:32 Bloodlines
46:13 Iron Casting
45:59 Chain Barding Armor
AliveYoung
13:00 Feudal Age
14:14 Gold Mining
14:11 Double-Bit Axe
16:26 Wheelbarrow
18:58 Castle Age
20:26 Stone Mining
21:20 Scale Barding Armor
25:40 Forging
27:10 Husbandry
28:13 Bow Saw
31:50 Chain Barding Armor
32:54 Wheelbarrow
34:21 Iron Casting
34:47 Hand Cart
37:40 Coinage
37:00 Loom
39:02 Gold Shaft Mining
40:02 Caravan
43:07 Imperial Age
42:41 #83
43:18 Cavalier
44:54 Plate Barding Armor
46:27 Blast Furnace
45:09 Paladin
captainmcawesome95
5:54 Loom
11:29 Feudal Age
16:09 Castle Age
13:58 Double-Bit Axe
16:51 Wheelbarrow
18:47 Bow Saw
19:12 Gold Mining
21:39 Forging
23:20 Scale Barding Armor
25:15 Chain Barding Armor
27:45 Gold Shaft Mining
27:35 Hand Cart
27:58 Iron Casting
28:10 Bloodlines
28:57 Stone Mining
28:50 Horse Collar
30:29 Husbandry
33:07 Imperial Age
32:07 Town Watch
32:08 Loom
32:53 Cavalier
34:11 Plate Barding Armor
34:30 Stone Shaft Mining
35:15 Blast Furnace
34:35 Town Patrol
35:51 Two-Man Saw
34:53 Heavy Plow
36:08 Chemistry
35:20 Savar
36:16 Heavy Camel Rider
40:25 Crop Rotation
43:43 Kamandaran
43:36 Fletching
43:47 Padded Archer Armor
44:14 Ballistics
43:50 Crossbowman
45:32 Conscription
45:41 Thumb Ring
45:36 Bodkin Arrow
45:56 Leather Archer Armor
48:08 Ring Archer Armor
RemarkabLeigh
10:13 Feudal Age
13:21 Double-Bit Axe
13:42 Loom
16:24 Castle Age
15:29 Horse Collar
17:33 Bow Saw
18:19 Town Watch
20:28 Fortified Wall
26:59 Gold Mining
28:08 Wheelbarrow
29:17 Heavy Plow
31:02 Gold Mining
31:06 Stone Mining
33:19 Hand Cart
37:26 Imperial Age
36:25 Gold Shaft Mining
38:42 Padded Archer Armor
39:50 Leather Archer Armor
41:23 Artillery
42:08 Fletching
42:49 Ring Archer Armor
45:33 Conscription
Connection lost

Rejoining the realm…

Still unreachable

The connection could not be restored.

Session expired

The server has moved on; the page needs a fresh start.